 Dungeon Crawl Stone Soup version 0.28.0-53-g5a82cb258f (webtiles) character file.

Game seed: 10109842843535632711

49 pkoi the Ruffian (level 3, 0/29 HPs)
             Began as a Demigod Gladiator on June 6, 2022.
             Slain by a black bear (5 damage)
             ... on level 2 of the Dungeon.
             The game lasted 00:02:17 (2271 turns).

pkoi the Ruffian (Demigod Gladiator)                Turns: 2271, Time: 00:02:17

Health: 0/29       AC: 11    Str: 19    XL:     3   Next: 32%
Magic:  23/23      EV:  6    Int: 10    God:
Gold:   62         SH:  0    Dex: 15    Spells: 2/2 levels left

rFire   . . .      SeeInvis .     - Unarmed
rCold   . . .      Faith    .   (no shield)
rNeg    . . .      Spirit   .   l - +0 plate armour
rPois   .          Reflect  .   b - +0 helmet
rElec   .          Harm     .   (no cloak)
rCorr   .          Rampage  .   (no gloves)
Will    .....                   (no boots)
Stlth   ..........              (no amulet)
HPRegen 0.09/turn               h - ring of magical power
MPRegen 0.18/turn               k - ring of magical power

@: no status effects
A: high MP 1, forlorn, divine attributes
a: no special abilities


You were on level 2 of the Dungeon.
You visited 1 branch of the dungeon, and saw 3 of its levels.

You collected 62 gold pieces.

Inventory:

Hand Weapons
 f - a +0 mace
 g - a +0 whip
 o - a +2 vorpal hunting sling
Missiles
 c - 3 throwing nets (quivered)
 e - 2 boomerangs
 p - 89 stones
Armour
 a - a +0 leather armour
 b - a +0 helmet (worn)
 d - a +0 ring mail
 l - a +0 plate armour (worn)
Magical Staves
 n - a staff of conjuration
Jewellery
 h - a ring of magical power (left hand)
 k - a ring of magical power (right hand)
Scrolls
 j - a scroll of identify
Potions
 i - a potion of attraction


   Skills:
 - Level 1.7 Fighting
 - Level 1.7 Throwing
 - Level 2.6 Dodging
 + Level 4.2 Unarmed Combat


You had 2 spell levels left.
You didn't know any spells.
Your spell library contained the following spells:

 Spells                   Type           Power      Damage    Failure   Level
 Foxfire                  Conj/Fire      0%         2x1d4     100%        1
 Conjure Flame            Conj/Fire      0%         6-21      100%        3
 Inner Flame              Hex/Fire       0%         N/A       100%        3
 Flame Wave               Conj/Fire      0%         2d4       100%        4


Dungeon Overview and Level Annotations

Branches:
Dungeon (3/15)


Innate Abilities, Weirdness & Mutations

You have an increased reservoir of magic. (+10% MP)
You shall have no god before yourself.
Your divine heritage dramatically boosts your attributes as you level up.


Message History

(D) Dungeon
Where to? (Enter - D:1, ? - help)
There is a stone staircase leading down here.
You climb downwards.
There is a stone staircase leading up here.
o - a +2 vorpal hunting sling (weapon)
(D) Dungeon
Where to? (Enter - D:2, ? - help)
There is a stone staircase leading down here.
You climb downwards.
The black bear growls angrily.
Found a scroll labelled FECIXEULAU.
There is a stone staircase leading up here.
There are monsters nearby!
Unknown command.
The black bear bites you!
* * * LOW HITPOINT WARNING * * *
The black bear claws you but does no damage.
The black bear claws you.
* * * LOW HITPOINT WARNING * * *
You climb upwards.
There is a stone staircase leading down here.
You are now empty-handed.
Okay, then.
Okay, then.
As you read the scroll labelled ECUKLE TAKLAOL, it crumbles to dust.
The creatures around you are filled with an inner flame!
It was a scroll of immolation.
The black bear bites you.
* * * LOW HITPOINT WARNING * * *
The black bear claws you but does no damage. x2
You hit the black bear.
Flame seeps out of the black bear.
The black bear is moderately wounded.
The black bear is engulfed in blazing flames.
Flame seeps out of the black bear.
The black bear goes berserk!
The black bear is engulfed in blazing flames.
Flame seeps out of the black bear.
The black bear bites you!
* * * LOW HITPOINT WARNING * * *
The black bear claws you.
You die...

.#.####..♣♣≈≈≈.≈≈≈PP≈PP# #......
.#.# ##..≈≈≈P.≈≈≈PP≈≈≈♣ #......
##.# #...♣≈≈.≈≈P≈≈≈≈♣####......
...# #...#♣≈.♣≈≈P≈P≈##.......##
##.## #...)....♣≈♣♣≈...[......#
##..####...##.....###.##.......#
#.....##...##..##.....##.......#
...#...######.....#..###.....<.#
##.#.#.# ##.h@..............#
.....#.### ##.>........#....)..#
#..###..)# #.°.................#
#..# ###.###..<................#
##.# ###.......................#
##.###......#..........#..##.###
##.##..###.###........######.###
......## #.# ##)........#...≈..#
†....###
#.####.........#≈####≈##


You could see a black bear (berserk, inner flame).

Vanquished Creatures
  An adder (D:2)
  2 dart slugs
  7 ball pythons (D:1)
  2 endoplasms (D:1)
  A giant cockroach (D:1)
  5 goblins
  2 hobgoblins
  5 kobolds
  2 quokkas
  A bat (D:2)
  2 frilled lizards (D:1)
  6 rats
  A spectral hobgoblin (D:2)
37 creatures vanquished.

Notes
Turn   | Place    | Note
-------+----------+-------------------------------------------
     0 | D:1      | pkoi the Demigod Gladiator began the quest for the Orb.
     0 | D:1      | Reached XP level 1. HP: 17/17 MP: 3/3
   140 | D:1      | Reached skill level 3 in Unarmed Combat
   410 | D:1      | Reached XP level 2. HP: 16/24 MP: 4/4
  1321 | D:2      | Reached XP level 3. HP: 22/29 MP: 5/5
  1570 | D:2      | Reached skill level 4 in Unarmed Combat
  2264 | D:3      | Noticed a black bear
  2271 | D:2      | Slain by a black bear

Illustrated notes

Levels and vault maps discovered:
D:1:      scummos_arrival_hexagon, layout_loops_ring
D:2:      layout_rooms, dreamdust_ecumenical_altar_drowned_temple,
          serial_bayou_lagoon_b
D:3:      minmay_goblin_kobold_castle, layout_basic, lemuel_tele_altar

Skill      XL: |  1  2  3 |
---------------+----------+-----
Unarmed Combat | 3 4 |  4.2
Fighting       | |  1.7
Throwing       | |  1.7
Dodging        | |  2.6

Action                   || total
-------------------------++-------
Melee: Unarmed           ||   118
       Punch             ||     4
  Use: Scroll            ||     4
       Potion            ||     1
Armor: Ring mail         ||    14
       Plate armour      ||    33
Dodge: Dodged            ||    44
